 Dungeon Crawl Stone Soup version 0.27-a0-972-gd1521fd518 (webtiles) character file.

Game seed: 6885421051811485004

444 Morbidden the Ruffian (level 6, -3/48 HPs)
             Began as a Demigod Transmuter on Apr 13, 2021.
             Slain by a black bear (6 damage)
             ... on level 5 of the Dungeon.
             The game lasted 00:07:07 (6147 turns).

Morbidden the Ruffian (Demigod Transmuter)          Turns: 6147, Time: 00:07:08

Health: -3/48      AC:  3    Str: 19    XL:     6   Next: 43%
Magic:  12/13      EV: 12    Int: 15    God:
Gold:   184        SH:  0    Dex: 14    Spells: 6/11 levels left

rFire    . . .     SeeInvis .     - Unarmed
rCold    . . .     Faith    .   (no shield)
rNeg     . . .     Spirit   .   a - +1 robe
rPois    .         Reflect  .   (helmet currently unavailable)
rElec    .         Harm     .   (no cloak)
rCorr    .         Rampage  .   (no gloves)
Will     +....                  (boots currently unavailable)
Stlth    ++........             (no amulet)
HPRegen  0.16/turn              f - ring of willpower
MPRegen  0.13/turn              (no ring)

@: appendages
A: horns 2, talons 2, high mp 1, forlorn
a: End Transformation


You were on level 5 of the Dungeon.
You had temporarily grown beastly horns and talons.
You visited 1 branch of the dungeon, and saw 5 of its levels.
You also visited: Sewer.

You collected 184 gold pieces.

Inventory:

Missiles
 d - 74 arrows
 i - 15 sling bullets
Armour
 a - a +1 robe (worn)
Jewellery
 f - a ring of willpower (left hand)
Scrolls
 b - a scroll of noise {unknown}
 e - a scroll of vulnerability {unknown}
 j - a scroll of blinking {unknown}
 k - a scroll of amnesia {unknown}
 l - 3 scrolls of teleportation {unknown}
 m - a scroll of enchant weapon
 o - a scroll of enchant armour
Potions
 c - a potion of berserk rage
 g - a potion of curing
 h - a potion of heal wounds {unknown}
 n - a potion of invisibility {unknown}
 p - a potion of degeneration {unknown}
 q - a potion of magic {unknown}


   Skills:
 * Level 2.2 Fighting
 + Level 2.7 Dodging
 + Level 1.2 Stealth
 + Level 3.8 Unarmed Combat
 * Level 3.0 Spellcasting
 * Level 3.2 Transmutations
 * Level 1.2 Ice Magic
 * Level 1.3 Poison Magic


You had 6 spell levels left.
You knew the following spells:

 Your Spells              Type           Power      Damage    Failure   Level
a - Beastly Appendage     Tmut           24%        N/A       5%          1
b - Spider Form           Tmut/Pois      4%         N/A       22%         3
z - Freeze                Ice            20%        1d4       12%         1

Your spell library contained the following spells:

 Spells                   Type           Power      Damage    Failure   Level
 Wereblood                Tmut           12%        N/A       8%          2
 Passwall                 Tmut/Erth      5%         N/A       16%         2
 Animate Skeleton         Necr           4%         N/A       21%         1
 Apportation              Tloc           4%         N/A       21%         1
 Corona                   Hex            2%         N/A       21%         1
 Sandblast                Erth           4%         2d4       21%         1
 Summon Small Mammal      Summ           8%         N/A       21%         1
 Ensorcelled Hibernation  Hex/Ice        8%         N/A       24%         2
 Frozen Ramparts          Ice            10%        1d3       36%         3
 Ozocubu's Armour         Ice            5%         N/A       36%         3
 Confusing Touch          Hex            2%         N/A       52%         3
 Portal Projectile        Hex/Tloc       4%         N/A       52%         3
 Ice Form                 Ice/Tmut       9%         N/A       61%         4
 Hydra Form               Tmut           6%         N/A       82%         5
 Hailstorm                Conj/Ice       4%         3d4       83%         4
 Metabolic Englaciation   Hex/Ice        2%         N/A       99%         5
 Silence                  Hex/Air        1%         N/A       99%         5


Dungeon Overview and Level Annotations

Branches:
Dungeon (5/15)              Sewer (visited)
 Temple: D:4-7

Shops:
D:2 *


Innate Abilities, Weirdness & Mutations

You have temporarily grown beastly horns and talons.
Your attributes grow dramatically as you level up.
You have an increased reservoir of magic. (+10% MP)
You shall have no god before yourself.


Message History

The black bear is moderately wounded.
The black bear bites you but does no damage.
The black bear claws you but does no damage. x2
You hit the black bear but do no damage.
The black bear is moderately wounded.
The black bear bites you but does no damage.
The black bear claws you.
The black bear claws you but does no damage.
You closely miss the black bear.
The black bear is moderately wounded.
The black bear bites you! The black bear claws you. x2
You are too injured to fight recklessly!
You are too injured to fight recklessly!
You are too injured to fight recklessly!
You are too injured to fight recklessly!
You are too injured to fight recklessly!
You are too injured to fight recklessly!
You are too injured to fight recklessly!
You are too injured to fight recklessly!
You are too injured to fight recklessly!
You are too injured to fight recklessly!
Unknown command.
Casting: Beastly Appendage (safe; 5% risk of failure)
Confirm with . or Enter, or press ? or * to list all spells.
You grow a pair of large bovine horns.
Your feet morph into talons.
The black bear bites you. The black bear barely misses you.
The black bear claws you. The black bear bites you!
* * * LOW HITPOINT WARNING * * *
The black bear claws you.
* * * LOW HITPOINT WARNING * * *
The black bear claws you.
* * * LOW HITPOINT WARNING * * *
Unknown command.
Unknown command.
You hit the black bear but do no damage.
Your kick misses the black bear.
The black bear is moderately wounded.
The black bear bites you.
You die...

..# ###+# ....#
...... ....# ......
#....# ..
....####....#######..
[................#
#h..............+
#.@...........<.#
#...............#
#...............#
#...............#
#...............#
#####......######
#......# #......#
#......#


You could see a black bear.

Vanquished Creatures
  A water moccasin (Sewer)
  A black bear (D:5)
  A hound (D:2)
  A scorpion zombie (D:5)
  2 iguanas
  A hound skeleton (D:4)
  A howler monkey zombie (D:2)
  4 adders
  A shadow imp (D:5)
  A white imp (D:2)
  A dart slug (D:1)
  An orc (D:3)
  An endoplasm (D:4)
  2 giant cockroaches (D:1)
  10 goblins
  7 hobgoblins
  2 jackals (D:1)
  A quokka (D:2)
  4 ball pythons
  11 bats
  3 kobolds
  3 rats
60 creatures vanquished.

Vanquished Creatures (collateral kills)
  An adder (D:4)
1 creature vanquished.

Vanquished Creatures (others)
  A plant (D:4)
1 creature vanquished.

Grand Total: 62 creatures vanquished

Notes
Turn   | Place    | Note
-------+----------+-------------------------------------------
     0 | D:1      | Morbidden the Demigod Transmuter began the quest for the
                  | Orb.
     0 | D:1      | Reached XP level 1. HP: 15/15 MP: 5/5
   349 | D:1      | Reached skill level 1 in Fighting
   783 | D:1      | Reached XP level 2. HP: 19/23 MP: 7/7
  1919 | D:2      | Reached XP level 3. HP: 10/28 MP: 7/9
  2145 | D:2      | HP: 1/28 [kobold/+0 short sword (3)]
  2548 | D:2      | Reached XP level 4. HP: 27/35 MP: 8/10
  2698 | D:2      | Learned a level 3 spell: Spider Form
  3150 | D:2      | Found Isioz's General Store.
  4408 | D:4      | Reached skill level 1 in Stealth
  4425 | D:4      | Identified the Tome of Enthralling Stones
  4432 | D:4      | Reached XP level 5. HP: 21/41 MP: 11/11
  4510 | D:4      | Found a glowing drain.
  4523 | Sewer    | Entered a sewer
  4550 | Sewer    | Learned a level 1 spell: Freeze
  4608 | Sewer    | Noticed a water moccasin
  4639 | Sewer    | Killed a water moccasin
  4640 | Sewer    | Reached skill level 1 in Poison Magic
  5456 | D:5      | Entered Level 5 of the Dungeon
  5574 | D:5      | Reached XP level 6. HP: 4/48 MP: 13/13
  5869 | D:5      | Reached skill level 1 in Ice Magic
  6146 | D:5      | HP: 2/48 [black bear (2)]
  6147 | D:5      | Slain by a black bear

Illustrated notes

Levels and vault maps discovered:
D:1:      psy_arrival_basics, layout_basic, serial_rivers,
          chequers_serial_rivers_micro_a, chequers_serial_rivers_small_3,
          chequers_serial_rivers_room_a, chequers_serial_rivers_large_b,
          chequers_serial_rivers_micro_d, chequers_serial_rivers_micro_c
D:2:      layout_basic, serial_shops, shop,
          hellmonk_ecumenical_altar_heavens_door
D:3:      layout_loops_cross, serial_glass, glass_columns_a, glass_columns_a,
          grunt_ministairs_12, serial_park_tiny_1
D:4:      layout_cave_pools, portal_sewer_entry_b, serial_bayou_lagoon_b
D:5:      layout_gridville, dk_noncrumbling_2, uniq_ijyb, uniq_sigmund

Skill      XL: |  1  2  3  4  5  6 |
---------------+-------------------+-----
Spellcasting   | 2 3 |  3.0
Fighting       | 1 2 |  2.2
Unarmed Combat | 3 |  3.8
Transmutations | 2 3 |  3.2
Dodging        | 2 |  2.7
Stealth        | 1 |  1.2
Poison Magic   | 1 |  1.3
Ice Magic      | 1 |  1.2

Action                   |  1- 3 |  4- 6 || total
-------------------------+-------+-------++-------
Melee: Unarmed           |    85 |   171 ||   256
       Kick              |    11 |    33 ||    44
       Headbutt          |     8 |    18 ||    26
       Punch             |     1 |     2 ||     3
 Cast: Beastly Appendage |    11 |    22 ||    33
  Use: Scroll            |       |     5 ||     5
       Potion            |       |     4 ||     4
 Stab: Sleeping          |     1 |       ||     1
Armor: Robe              |    18 |    52 ||    70
Dodge: Dodged            |    63 |   128 ||   191

Table legend: (Time is in decaauts)
 A = Elapsed time spent in this place.
 B = Non-inter-level travel time spent in this place.
 C = Inter-level travel time spent in this place.
 D = Time resting spent in this place.
 E = Time spent auto-exploring this place.
 F = Levels seen in this place.
 G = Mean time per level.
                   A        B        C        D        E       F      G
               +--------+--------+--------+--------+--------+-----+--------+
         Total |   6189 |   6059 |    130 |   1115 |   4195 |   6 | 1031.5 |
       Dungeon |   5769 |   5639 |    130 |   1110 |   3849 |   5 | 1153.8 |
         Sewer |    420 |    420 |      0 |      5 |    346 |   1 |  420.0 |
               +--------+--------+--------+--------+--------+-----+--------+

Top non-repeatable levels by time:
     D:1: 2085 daAuts
     D:2: 1352 daAuts
     D:3: 842 daAuts
     D:4: 801 daAuts
     D:5: 688 daAuts
   Sewer: 420 daAuts
